 Dungeon Sprint DCSS version 0.20.1-1-g8b1a95d (console) character file.

1416 bli the Fighter (level 8, -1/80 HPs)
             Began as a Demonspawn Abyssal Knight on Aug 15, 2017.
             Was the Champion of Lugonu.
             Slain by an 11-headed hydra (12 damage)
             ... in the Dungeon (Sprint VII: "The Pits").
             The game lasted 00:06:51 (641 turns).

bli the Fighter (Demonspawn Abyssal Knight)          Turns: 641, Time: 00:06:52

Health: -1/80      AC: 18    Str: 13    XL:     8   Next: 43%
Magic:  11/11      EV: 12    Int: 14    God:    Lugonu [******]
Gold:   0          SH:  0    Dex: 14    Spells: 7/7 levels left

rFire    . . .     SeeInvis .   a - +2 halberd (protect)
rCold    . . .     Gourm    .   (shield currently unavailable)
rNeg     . . .     Faith    .   y - +5 ring mail
rPois    .         Spirit   .   (helmet unavailable)
rElec    .         Reflect  .   (no cloak)
rCorr    .         Harm     .   (no gloves)
MR       .....     NoTele   +   (no boots)
Stlth    +.........             (no amulet)
Regen    0.3/turn               (no ring)
MPRegen  0.2/turn               (no ring)

@: protection aura
A: horns 3, powered by death 3
a: Bend Space, Banish, Corrupt, Brand Weapon With Distortion, Renounce Religion


You were in the Dungeon.
You worshipped Lugonu.
Lugonu was exalted by your worship.
You were not hungry.

You visited 1 branch

Inventory:

Hand Weapons
 a - a +2 halberd of protection (weapon)
 b - a +2 trident of piercing
 z - the +2 scimitar of the Real Monster {flame, +Fly rPois Str+3 SInv}
   (You found it in the Dungeon)

   It has been specially enchanted to burn those struck by it, causing extra
   injury to most foes and up to half again as much damage against particularly
   susceptible opponents.
   Big, fiery blades are also staple armaments of hydra-hunters.
   It affects your strength (+3).
   It protects you from poison.
   It lets you see invisible.
   It lets you fly.
Missiles
 r - 10 stones (quivered)
Armour
 y - a +5 ring mail (worn)
 A - a +0 leather armour
Jewellery
 e - a +3 ring of evasion
 t - a +3 ring of intelligence
Scrolls
 i - a scroll of blinking
 l - 3 scrolls of remove curse
 m - 5 scrolls of amnesia
 n - a scroll of summoning
 o - 2 scrolls of vulnerability
Potions
 d - 8 potions of curing
 f - a potion of haste
 g - 4 potions of magic
 h - a potion of berserk rage
 k - 2 potions of invisibility
 u - 4 potions of agility
 v - a potion of might
 w - 9 potions of heal wounds
Comestibles
 c - 8 bread rations
 p - 40 fruits
 q - 6 meat rations
 s - 3 chunks of flesh


   Skills:
 * Level 13.9 Fighting
 * Level 9.1 Polearms
 + Level 5.4 Armour
 + Level 3.8 Dodging
 + Level 5.0 Invocations


You had 7 spell levels left.
You didn't know any spells.

Dungeon Overview and Level Annotations

Branches:
Dungeon (1/1)

Altars:
Ashenzari
Cheibriados
Dithmenos
Elyvilon
Fedhas
Gozag
Hepliaklqana
Kikubaaqudgha
Makhleb
Nemelex Xobeh
Okawaru
Qazlal
Ru
Sif Muna
Trog
Uskayaw
Vehumet
Xom
Yredelemnul
Zin
The Shining One
Beogh
Jiyva
Lugonu


Innate Abilities, Weirdness & Mutations

You have a pair of large horns on your head.
You regenerate a lot of health from kills.


Message History

The ten-headed hydra closely misses you.
The ten-headed hydra bites you! x2
The ten-headed hydra closely misses you.
The ten-headed hydra bites you!
The ten-headed hydra bites you but does no damage.
The ten-headed hydra bites you! x2
You lop one of the ten-headed hydra's heads off!
The nine-headed hydra grows two more!
You slash the 11-headed hydra!
The 11-headed hydra is moderately wounded.
The 11-headed hydra bites you but does no damage.
The 11-headed hydra bites you!
* * * LOW HITPOINT WARNING * * *
The 11-headed hydra bites you.
* * * LOW HITPOINT WARNING * * *
The 11-headed hydra bites you but does no damage.
The 11-headed hydra bites you.
* * * LOW HITPOINT WARNING * * *
The 11-headed hydra bites you but does no damage.
The 11-headed hydra bites you!
You die...

#_________.# #_________.#
#__.____...###########++######
##########'##................#
#..|.')))'.##......#..#......#
##########.##................+
#...........'................+
#'#####'#####.....K#..#......#
#.#..#...'.##...i....D.......#
#.#..#...#.#####D#####''######
#.#..#####.##...@...##i+#
#.#..'รท..#.##.......##..#
#.#..'...'.##.......##..#
#.#..########...<...##..#
#.#..'.)))[##.......##D.#
#.#..#.)).)##.......##.i#
#'###########.......##..K
#...)...#..###########...
#.###...#.###########
#.#.....#.#....#..[[#
#.#...#.#)#....#..[.#


You could see a 11-headed hydra, a spriggan and a kobold.

Vanquished Creatures
  Pikel (D)
  A hungry ghost (D)
  A warg (D)
  An acid dragon (D)
  A floating eye (D)
  A bullfrog (D)
  6 killer bees (D)
  A crimson imp (D)
  An orc wizard (D)
  An iron imp (D)
  An iguana (D)
  2 worker ants (D)
  A river rat (D)
  An ufetubus (D)
  2 leopard geckos (D)
  2 orcs (D)
  A ball python (D)
  A bat zombie (D)
  A goblin (D)
  2 quokkas (D)
  A kobold (D)
  A rat (D)
31 creatures vanquished.

Notes
Turn   | Place    | Note
-------+----------+-------------------------------------------
     0 | D        | bli the Demonspawn Abyssal Knight began the quest for the Orb.
     0 | D        | Reached XP level 1. HP: 18/18 MP: 2/2
     8 | D        | Noticed a floating eye
    10 | D        | Paralysed by a floating eye for 3 turns
    17 | D        | Paralysed by a floating eye for 2 turns
    20 | D        | Killed a floating eye
    20 | D        | Reached skill level 8 in Fighting
    20 | D        | Reached skill level 1 in Dodging
    20 | D        | Gained mutation: You regenerate a little health from kills. [demonic ancestry]
    20 | D        | Reached XP level 2. HP: 32/32 MP: 2/4
    20 | D        | Gained mutation: You have a pair of small horns on your head. [demonic ancestry]
    20 | D        | Reached XP level 3. HP: 37/37 MP: 2/5
    20 | D        | Gained mutation: You have a pair of horns on your head. [demonic ancestry]
    20 | D        | Reached XP level 4. HP: 44/44 MP: 2/6
    80 | D        | Reached ** piety under Lugonu
   105 | D        | Noticed a hungry ghost
   121 | D        | HP: 1/45 [quokka (2)]
   126 | D        | Killed a hungry ghost
   126 | D        | Reached skill level 10 in Fighting
   126 | D        | Gained mutation: You regenerate health from kills. [demonic ancestry]
   126 | D        | Reached XP level 5. HP: 34/54 MP: 6/8
   128 | D        | Reached *** piety under Lugonu
   128 | D        | Gained mutation: You have a pair of large horns on your head. [demonic ancestry]
   128 | D        | Reached XP level 6. HP: 40/61 MP: 6/9
   136 | D        | Reached skill level 5 in Polearms
   139 | D        | Reached **** piety under Lugonu
   139 | D        | Reached skill level 11 in Fighting
   174 | D        | Noticed an acid dragon
   180 | D        | Killed an acid dragon
   182 | D        | Noticed Pikel
   187 | D        | Killed Pikel
   187 | D        | Reached skill level 13 in Fighting
   187 | D        | Reached skill level 5 in Armour
   187 | D        | Gained mutation: You regenerate a lot of health from kills. [demonic ancestry]
   187 | D        | Reached XP level 7. HP: 21/72 MP: 10/10
   190 | D        | Reached ***** piety under Lugonu
   196 | D        | Reached XP level 8. HP: 28/79 MP: 11/11
   253 | D        | Reached skill level 5 in Invocations
   476 | D        | Got the +2 scimitar of the Real Monster {flame, +Fly rPois Str+3 SInv}
   531 | D        | Reached ****** piety under Lugonu
   600 | D        | Found a bloodstained altar of Trog.
   600 | D        | Found a deep blue altar of Sif Muna.
   600 | D        | Found a viscous altar of Jiyva.
   600 | D        | Found a hazy altar of Hepliaklqana.
   600 | D        | Found an opulent altar of Gozag.
   601 | D        | Found a glowing golden altar of the Shining One.
   601 | D        | Found a glowing silver altar of Zin.
   601 | D        | Found a basalt altar of Yredelemnul.
   601 | D        | Found a shimmering altar of Xom.
   601 | D        | Found a sacrificial altar of Ru.
   601 | D        | Found a stormy altar of Qazlal.
   601 | D        | Found an iron altar of Okawaru.
   601 | D        | Found a sparkling altar of Nemelex Xobeh.
   601 | D        | Found a burning altar of Makhleb.
   601 | D        | Found a blossoming altar of Fedhas.
   601 | D        | Found a white marble altar of Elyvilon.
   601 | D        | Found a shadowy altar of Dithmenos.
   601 | D        | Found a snail-covered altar of Cheibriados.
   602 | D        | Found a radiant altar of Vehumet.
   602 | D        | Found a corrupted altar of Lugonu.
   602 | D        | Found a roughly hewn altar of Beogh.
   605 | D        | Found a shattered altar of Ashenzari.
   605 | D        | Found an ancient bone altar of Kikubaaqudgha.
   605 | D        | Found a hide-covered altar of Uskayaw.
   625 | D        | Noticed an eight-headed hydra
   641 | D        | Slain by an 11-headed hydra

Skill      XL: |  1  2  3  4  5  6  7  8 |
---------------+-------------------------+-----
Fighting       | 8 10 13 | 13.9
Polearms       | 3 4 7 9 |  9.1
Armour         | 2 3 5 |  5.4
Dodging        | 1 3 |  3.8
Invocations    | 3 4 5 |  5.0

Action                   |  1- 3 |  4- 6 |  7- 9 || total
-------------------------+-------+-------+-------++-------
Melee: Spear             |     9 |       |       ||     9
       Trident           |       |    51 |    53 ||   104
       Headbutt          |       |     4 |    11 ||    15
       Halberd           |       |       |    20 ||    20
  Use: Potion            |       |     3 |       ||     3
  Eat: Meat ration       |       |     1 |       ||     1
       Chunk             |       |     2 |     1 ||     3
Armor: Leather armour    |       |     7 |     2 ||     9
       Ring mail         |       |       |    17 ||    17
Dodge: Dodged            |       |    34 |    58 ||    92
